AoeStats
← Pedrulete

Arena

505437812Analyzed
3v3 RM · 24d ago on Sep 9, 2026· 46m 44s· 6 players
Game mode
Random Map
Map size
Normal (6 player)
Population
200
Speed
Normal
Resources
Standard
Victory
Conquest
Starting age
Dark Age
Ending age
Imperial Age
RankedLock teamsTeams togetherTeam positionsShared explorationLock speedFull tech treeHidden civsTurbo modeCheats
Victory
Defeat
🇨🇳 Burgundians · China
1202
+17
🇩🇪 Italians · Germany
1199
+17
🇪🇸 Bohemians · Spain
1169
+18
🇨🇳 Goths · China
1248
-19
🇨🇳 Franks · China
1207
-17
🇨🇳 Bohemians · China
1198
-16
Pedrulete
10:15 Feudal Age
11:30 Loom
14:14 Castle Age
12:48 Double-Bit Axe
15:57 Sanctity
18:04 Bow Saw
19:17 Redemption
20:39 Fervor
20:45 Fervor
22:12 Horse Collar
25:19 Wheelbarrow
28:46 Imperial Age
25:53 Pikeman
28:07 Chemistry
28:23 Squires
28:26 Scale Mail Armor
28:49 Heavy Plow
29:26 Chain Mail Armor
30:17 Block Printing
31:11 Two-Man Saw
32:27 Siege Engineers
32:26 Houfnice
34:18 Halberdier
35:38 Plate Mail Armor
36:35 Conscription
38:46 Forging
41:44 Iron Casting
Mr. FU
0:27 Loom
1:58 Loom
10:00 Feudal Age
14:15 Castle Age
12:49 Stone Mining
19:18 Fletching
22:04 Double-Bit Axe
22:10 Horse Collar
28:43 Imperial Age
27:02 Gold Mining
27:24 Padded Archer Armor
27:47 Bodkin Arrow
29:08 Wheelbarrow
29:13 Ballistics
29:41 Stone Shaft Mining
30:15 Masonry
31:05 Squires
31:48 Architecture
32:49 Chemistry
32:36 Conscription
32:30 Treadmill Crane
34:13 Hoardings
34:43 Scale Mail Armor
34:54 Forging
35:11 Bow Saw
36:10 Chain Mail Armor
38:32 Plate Mail Armor
38:38 Iron Casting
38:04 Bracer
38:23 Heavy Plow
39:31 Caravan
39:45 Fortified Wall
41:32 Blast Furnace
40:36 Padded Archer Armor
41:54 Silk Road
43:23 Two-Man Saw
42:18 Arson
42:35 Murder Holes
46:37 Leather Archer Armor
illus
3:39 Double-Bit Axe
6:11 Horse Collar
10:55 Feudal Age
14:32 Castle Age
13:19 Bow Saw
13:26 Heavy Plow
16:32 Wheelbarrow
20:05 Hand Cart
21:37 Gold Mining
23:03 Gold Shaft Mining
25:17 Crop Rotation
28:03 Imperial Age
25:20 Town Watch
25:20 Loom
25:39 Stone Mining
26:55 Two-Man Saw
26:20 Treadmill Crane
27:54 Burgundian Vineyards
28:39 Guilds
28:41 Husbandry
28:49 Scale Barding Armor
28:55 Forging
28:13 Elite Coustillier
29:18 Conscription
30:03 Chemistry
28:56 Elite Coustillier
30:52 Chain Barding Armor
31:08 Iron Casting
31:21 Stone Shaft Mining
35:26 Blast Furnace
35:03 Plate Barding Armor
36:06 Light Cavalry
38:19 Hussar
38:35 Hussar
39:32 Padded Archer Armor
39:25 Fletching
39:51 Fortified Wall
41:10 Leather Archer Armor
40:52 Bodkin Arrow
42:26 Ballistics
42:03 Murder Holes
42:19 Masonry
42:51 Hoardings
44:28 Bracer
47:30 Coinage
渡鸦family
9:45 Feudal Age
10:27 Double-Bit Axe
16:44 Castle Age
17:23 Loom
17:24 Town Watch
21:56 Bow Saw
21:29 Horse Collar
27:30 Imperial Age
27:06 Chemistry
27:15 Wheelbarrow
27:22 Padded Archer Armor
29:48 Leather Archer Armor
30:32 Conscription
31:52 Pikeman
32:33 Squires
35:06 Hand Cart
35:22 Siege Engineers
36:18 Scale Mail Armor
36:29 Forging
36:29 Halberdier
39:35 Siege Engineers
ARM-Dahua
10:29 Feudal Age
14:38 Castle Age
13:25 Double-Bit Axe
13:39 Loom
29:58 Imperial Age
27:51 Scale Barding Armor
28:40 Forging
29:37 Wheelbarrow
29:34 Husbandry
29:37 Gold Mining
30:34 Chain Barding Armor
30:50 Iron Casting
30:07 Cavalier
32:31 Paladin
32:37 Elite Skirmisher
34:41 Fletching
34:52 Padded Archer Armor
35:38 Light Cavalry
36:18 Bodkin Arrow
36:38 Leather Archer Armor
37:27 Chemistry
36:48 Ballistics
41:08 Plate Barding Armor
41:34 Blast Furnace
YUZ
12:01 Feudal Age
16:07 Castle Age
13:55 Double-Bit Axe
13:52 Horse Collar
18:26 Bow Saw
18:20 Heavy Plow
19:33 Loom
24:46 Gold Mining
24:47 Stone Mining
26:48 Wheelbarrow
26:13 Stone Mining
30:53 Imperial Age
28:28 Pikeman
29:09 Squires
29:15 Scale Barding Armor
30:02 Forging
30:31 Stone Shaft Mining
29:44 Man-at-Arms
31:16 Chain Barding Armor
30:58 Scale Mail Armor
31:35 Iron Casting
31:32 Anarchy
31:01 Halberdier
31:02 Long Swordsman
31:46 Perfusion
32:06 Conscription
32:43 Chain Mail Armor
36:12 Blast Furnace
38:05 Chemistry
37:26 Ballistics
Connection lost

Rejoining the realm…

Still unreachable

The connection could not be restored.

Session expired

The server has moved on; the page needs a fresh start.